 Dungeon Crawl Stone Soup version 0.27-a0-1242-ge70438ac7b (webtiles) character file.

Game seed: 16417216948695269404

3056 Delamore the Spear-Bearer (level 10, 0/66 HPs)
             Began as a Formicid Fighter on June 9, 2021.
             Was an Elder of Hepliaklqana.
             Slain by a wolf (8 damage)
             ... led by Grum
             ... on level 8 of the Dungeon.
             The game lasted 00:10:30 (8268 turns).

Delamore the Spear-Bearer (Formicid Fighter)        Turns: 8268, Time: 00:10:30

Health: 0/66       AC: 13    Str: 24    XL:     10   Next: 11%
Magic:  10/10      EV:  6    Int: 14    God:    Hepliaklqana [****..]
Gold:   410        SH: 10    Dex: 10    Spells: 9/9 levels left

rFire    + . .     SeeInvis +   a - +0 trident (flame)
rCold    . . .     Faith    .   c - +1 kite shield
rNeg     . . .     Spirit   .   k - +0 chain mail
rPois    .         Reflect  .   (helmet unavailable)
rElec    .         Harm     .   K - +1 cloak
rCorr    .         Rampage  .   j - +0 pair of gloves
Will     +....                  x - +0 pair of boots
Stlth    ..........             h - amulet of magic regeneration
HPRegen  0.21/turn              p - +6 ring of intelligence
MPRegen  0.37/turn              v - ring of protection from fire

@: no status effects
A: reduced essence, permanent stasis, dig shafts and tunnels, antennae 3, four
strong arms
a: Dig, Shaft Self, Renounce Religion, Recall Ancestor, Ancestor Identity,
Transference, Idealise


You were on level 8 of the Dungeon.
You worshipped Hepliaklqana.
Hepliaklqana was greatly pleased with you.
You visited 1 branch of the dungeon, and saw 9 of its levels.

You collected 410 gold pieces.

Inventory:

Hand Weapons
 a - a +0 trident of flaming (weapon)
 g - a +0 halberd
Missiles
 l - 4 javelins
 m - 42 poisoned darts
 t - 2 throwing nets
 D - 2 boomerangs
Armour
 c - a +1 kite shield (worn)
 j - a +0 pair of gloves (worn)
 k - a +0 chain mail (worn)
 x - a +0 pair of boots (worn)
 F - a +0 plate armour
 K - a +1 cloak (worn)
Jewellery
 h - an amulet of magic regeneration (around neck)
 p - a +6 ring of intelligence (left hand)
 r - a ring of wizardry
 v - a ring of protection from fire (right hand)
 I - a +4 ring of evasion
 L - an amulet of regeneration
Wands
 b - a wand of charming (5)
 y - a wand of digging (6)
Scrolls
 s - 4 scrolls of amnesia
 w - a scroll of vulnerability
 z - 3 scrolls of identify
 A - a scroll of magic mapping {unknown}
 B - a scroll of teleportation {unknown}
 C - a scroll of enchant armour
 G - a scroll of fear
 H - a scroll of enchant weapon {unknown}
 J - a scroll of acquirement {unknown}
Potions
 d - 4 potions of might
 e - a potion of flight {unknown}
 f - a potion of cancellation
 i - a potion of brilliance {unknown}
 n - 3 potions of heal wounds
 o - a potion of haste {unknown}
 q - a potion of lignification {unknown}
 u - a potion of mutation {unknown}
 E - 2 potions of ambrosia {unknown}


   Skills:
 - Level 5.0 Fighting
 * Level 12.7 Polearms
 - Level 3.2 Armour
 - Level 3.6 Shields


You had 9 spell levels left.
You didn't know any spells.
Your spell library contained the following spells:

 Spells                   Type           Power      Damage    Failure   Level
 Corona                   Hex            0%         N/A       100%        1
 Magic Dart               Conj           0%         1d3       100%        1
 Call Imp                 Summ           0%         N/A       100%        2
 Ensorcelled Hibernation  Hex/Ice        0%         N/A       100%        2
 Slow                     Hex            0%         N/A       100%        2
 Confusing Touch          Hex            0%         N/A       100%        3
 Conjure Flame            Conj/Fire      0%         6-21      100%        3
 Dazzling Flash           Conj/Hex       0%         N/A       100%        3
 Mephitic Cloud           Conj/Pois/Air  0%         N/A       100%        3
 Tukima's Dance           Hex            0%         N/A       100%        3
 Blink                    Tloc           Unusable   N/A       N/A         2

Dungeon Overview and Level Annotations

Branches:
Dungeon (9/15)             Temple (0/1) D:5
   Lair: D:8-11         Orc: D:9-12

Altars:
Fedhas
Hepliaklqana
Makhleb
Okawaru
The Shining One

Shops:
D:7 (


Innate Abilities, Weirdness & Mutations

Your life essence is reduced to manifest your ancestor. (-10% HP)
You cannot be hasted, slowed, berserked, paralysed or teleported.
You can dig through walls and to a lower floor.
You have a pair of large antennae on your head. (SInv)
Your four strong arms can wield two-handed weapons with a shield.


Message History

Reach: a) +0 trident (flame)
Press: ? - help, Dir - move target, f/p - wolf
Aim: a wolf (almost dead, about 52% to evade your +0 trident of flaming)
You barely miss the wolf.
The wolf is almost dead.
You block the wolf's attack.
Reach: a) +0 trident (flame)
Press: ? - help, Dir - move target, f/p - wolf
Aim: a wolf (almost dead, about 52% to evade your +0 trident of flaming)
You hit the wolf. You burn the wolf.
You kill the wolf!
Reach: a) +0 trident (flame)
Press: ? - help, Dir - move target, f - wolf
Aim: a wolf (about 52% to evade your +0 trident of flaming)
Your weapon can't reach that far!
Okay, then.
You hit the orc. You burn the orc.
The orc is heavily wounded.
You block the orc's attack.
You puncture the orc! You burn the orc.
You kill the orc!
You block the wolf's attack. x3
Things that are here:
a +0 whip; 4 boomerangs; a wolf corpse You barely miss the wolf.
You block the wolf's attack. The wolf bites you but does no damage.
The wolf bites you.
You hit the wolf. You burn the wolf.
You kill the wolf!
The wolf completely misses you. The wolf bites you but does no damage.
You closely miss the wolf. The wolf bites you. The wolf closely misses you.
You hit the wolf but do no damage. The wolf bites you but does no damage.
The wolf bites you.
You barely miss the wolf. The wolf bites you!
* * * LOW HITPOINT WARNING * * *
You closely miss the wolf. You block the wolf's attack.
The wolf bites you but does no damage.
You miss the wolf. The wolf bites you!
* * * LOW HITPOINT WARNING * * *
The wolf bites you!
You die...

.......(.... #. #
#.....<... .# #.
### +......... .
.#....####.........
#.
...........#######
.###.#####..#.# #
)o#........#.# #
#o###..##..#.# #
#)#@...#...#.# #
#.h.#.###..#.#
#####.##...#.#
#.##..##.#
#.##..##.#
#.....##.#
####.....# #######


You could see a wolf.

Vanquished Creatures
  Prince Ribbit (D:7)
  Grum (D:8)
  Menkaure (D:7)
  An orc warrior (D:7)
  A sky beast (D:5)
  A black bear (D:4)
  A necrophage (D:7)
  3 wolves (D:8)
  4 centaurs
  A kobold brigand (D:7)
  A water moccasin zombie (D:3)
  A scorpion (D:6)
  A wyvern skeleton (D:7)
  5 wights (D:7)
  A howler monkey (D:5)
  Crazy Yiuf (D:7)
  A hound (D:5)
  A jelly (D:4)
  A centaur skeleton (D:7)
  2 iguanas
  6 orc wizards
  A hound skeleton (D:4)
  10 gnolls
  5 adders
  A shadow imp (D:6)
  A white imp (D:7)
  4 worms
  7 dart slugs
  13 orcs
  13 endoplasms
  4 giant cockroaches
  7 goblins
  5 hobgoblins
  2 jackals (D:4)
  7 kobolds
  2 quokkas
  5 ball pythons
  6 bats
  5 frilled lizards
  A quokka skeleton (D:2)
  7 rats
142 creatures vanquished.

Vanquished Creatures (collateral kills)
  An ogre (D:5)
  A centaur (D:9)
  A phantom (D:5)
  A bullfrog (D:6)
  A wyvern skeleton (D:7)
  A centaur skeleton (D:5)
  2 hounds (D:6)
  2 bullfrog skeletons
  An iguana (D:5)
  An orc wizard (D:6)
  A hound skeleton (D:5)
  An adder (D:6)
  2 ufetubi
  A worm (D:3)
  5 orcs
  3 ball pythons
  A goblin (D:3)
  2 hobgoblins
  2 kobolds (D:7)
30 creatures vanquished.

Vanquished Creatures (others)
  2 hexers
  A fungus (D:2)
  3 plants (D:2)
  A withered plant (D:2)
7 creatures vanquished.

Grand Total: 179 creatures vanquished

Notes
Turn   | Place    | Note
-------+----------+-------------------------------------------
     0 | D:1      | Delamore the Formicid Fighter began the quest for the Orb.
     0 | D:1      | Reached XP level 1. HP: 18/18 MP: 1/1
   215 | D:1      | Reached XP level 2. HP: 23/24 MP: 2/2
   473 | D:1      | Reached XP level 3. HP: 30/30 MP: 3/3
   488 | D:1      | Reached skill level 3 in Polearms
  1067 | D:2      | Found a faded altar of an unknown god.
  1075 | D:2      | Became a worshipper of Hepliaklqana the Forgotten
  1075 | D:2      | Reached * piety under Hepliaklqana
  1078 | D:2      | Reached XP level 4. HP: 33/33 MP: 4/4
  1246 | D:2      | Reached skill level 4 in Polearms
  1345 | D:2      | Reached XP level 5. HP: 33/37 MP: 5/5
  2214 | D:3      | Reached ** piety under Hepliaklqana
  2215 | D:3      | Remembered your ancestor Froggeryz as a hexer
  2394 | D:3      | Reached XP level 6. HP: 20/44 MP: 6/6
  3015 | D:3      | Reached skill level 5 in Polearms
  3359 | D:3      | Reached skill level 5 in Fighting
  3554 | D:4      | Found a burning altar of Makhleb.
  3785 | D:4      | Reached *** piety under Hepliaklqana
  3835 | D:4      | Reached XP level 7. HP: 50/50 MP: 7/7
  3856 | D:4      | Reached skill level 6 in Polearms
  4192 | D:4      | Found a glowing golden altar of the Shining One.
  4192 | D:4      | Found an iron altar of Okawaru.
  4238 | D:5      | Entered Level 5 of the Dungeon
  4259 | D:5      | Reached skill level 7 in Polearms
  4268 | D:5      | Reached XP level 8. HP: 20/55 MP: 8/8
  4490 | D:5      | Found a blossoming altar of Fedhas.
  4538 | D:5      | Reached skill level 8 in Polearms
  4584 | D:5      | Found a staircase to the Ecumenical Temple.
  4703 | D:5      | Reached skill level 9 in Polearms
  4771 | D:5      | Found a hazy altar of Hepliaklqana.
  5092 | D:6      | You fall into a shaft and drop 1 floor!
  5473 | D:7      | Found Kawnay's Antique Weapon Boutique.
  5482 | D:7      | Noticed Prince Ribbit
  5492 | D:7      | Killed Prince Ribbit
  5493 | D:7      | Reached skill level 10 in Polearms
  5493 | D:7      | Reached XP level 9. HP: 61/61 MP: 9/9
  5541 | D:6      | You fall into a shaft and drop 3 floors!
  6163 | D:7      | Reached skill level 11 in Polearms
  6343 | D:7      | Reached **** piety under Hepliaklqana
  7001 | D:7      | Noticed Menkaure
  7003 | D:7      | Killed Menkaure
  7040 | D:7      | Found a runed translucent door.
  7041 | D:7      | Noticed Crazy Yiuf
  7425 | D:6      | Reached skill level 12 in Polearms
  8047 | D:7      | Killed Crazy Yiuf
  8222 | D:8      | Noticed Grum
  8229 | D:8      | Reached XP level 10. HP: 50/66 MP: 10/10
  8242 | D:8      | Killed Grum
  8268 | D:8      | Slain by a wolf

Illustrated notes

Levels and vault maps discovered:
D:1:      lightli_arrival_maybe_door_vault, layout_loops_cross
D:2:      layout_loops_corners, shapermc_ecumenical_altar_gd
D:3:      kennysheep_six_static_rooms, layout_basic, grunt_ministairs_6,
          due_unseen_surprise
D:4:      layout_loops_ring, amethyst_overflow_temple_binary,
          lemuel_doored_altar
D:5:      layout_cave_pools, fedhas_altar_3, nicolae_hepliaklqana_hazy_memory,
          minmay_temple_entry_antechambers
D:6:      layout_gridville
D:7:      layout_cave_pods, serial_shops, shop_statue,
          kennysheep_generic_room_3, uniq_crazy_yiuf_cottage, uniq_menkaure,
          uniq_prince_ribbit1
D:8:      layout_basic, uniq_maggie, uniq_grum
D:9:      gammafunk_wand_slinger, layout_small_grid, orc_0_dummy

Skill      XL: |  1  2  3  4  5  6  7  8  9 |
---------------+----------------------------+-----
Polearms       | 3 4 5 7 10 12 | 12.7
Fighting       | 4 5 |  5.0
Armour         | |  3.2
Shields        | |  3.6

Action                   |  1- 3 |  4- 6 |  7- 9 | 10-12 || total
-------------------------+-------+-------+-------+-------++-------
Melee: Trident           |   108 |   190 |   278 |    31 ||   607
Invok: Ancestor Life: He |       |     1 |       |       ||     1
       Ancestor Identity |       |     1 |       |       ||     1
       Recall Ancestor   |       |       |     2 |       ||     2
 Abil: Dig               |       |     4 |     3 |       ||     7
  Use: Scroll            |     3 |     2 |     5 |       ||    10
 Stab: Confused          |       |     3 |     1 |       ||     4
       Distracted        |       |       |     3 |       ||     3
Armor: Scale mail        |    25 |       |       |       ||    25
       Chain mail        |    19 |    46 |    85 |     5 ||   155
Dodge: Dodged            |    16 |    33 |    62 |     3 ||   114
Block: Kite shield       |    48 |    70 |   114 |    11 ||   243

Table legend: (Time is in decaauts)
 A = Elapsed time spent in this place.
 B = Non-inter-level travel time spent in this place.
 C = Inter-level travel time spent in this place.
 D = Time resting spent in this place.
 E = Time spent auto-exploring this place.
 F = Levels seen in this place.
 G = Mean time per level.
                   A        B        C        D        E       F      G
               +--------+--------+--------+--------+--------+-----+--------+
         Total |   8344 |   8081 |    263 |   1294 |   5478 |   9 |  927.1 |
       Dungeon |   8344 |   8081 |    263 |   1294 |   5478 |   9 |  927.1 |
               +--------+--------+--------+--------+--------+-----+--------+

Top non-repeatable levels by time:
     D:7: 1703 daAuts
     D:3: 1412 daAuts
     D:2: 1064 daAuts
     D:1: 1053 daAuts
     D:6: 811 daAuts
     D:4: 794 daAuts
     D:5: 767 daAuts
     D:9: 382 daAuts
     D:8: 356 daAuts
